 Dungeon Crawl Stone Soup version 0.30-a0-782-ge64f9170bb (webtiles) character file.

Game seed: 12387553732615329380

37 theswoord the Shooter (level 3, 0/20 HPs)
             Began as a Deep Elf Hunter on Feb 23, 2023.
             Frozen to death by an endoplasm (4 damage)
             ... on level 2 of the Dungeon.
             The game lasted 00:01:42 (1280 turns).

theswoord the Shooter (Deep Elf Hunter)             Turns: 1280, Time: 00:01:43

Health: 0/20       AC:  5    Str: 10    XL:     3   Next: 23%
Magic:  5/5        EV: 12    Int: 13    God:
Gold:   47         SH:  0    Dex: 18    Spells: 2/2 levels left

rFire   . . .      SeeInvis .    a - +0 shortbow
rCold   . . .      Faith    .    (shield currently unavailable)
rNeg    . . .      Spirit   .    c - +0 leather armour
rPois   .          Reflect  .    d - +1 helmet
rElec   .          Harm     .    (no cloak)
rCorr   .          Rampage  .    (no gloves)
Will    .....                    (no boots)
Stlth   ++                       (no amulet)
HPRegen 0.23/turn                (no ring)
MPRegen 0.09/turn                (no ring)

@: no status effects
A: no striking features
a: no special abilities


You were on level 2 of the Dungeon.
You visited 1 branch of the dungeon, and saw 3 of its levels.

You collected 47 gold pieces.

Inventory:

Hand Weapons
 a - a +0 shortbow (weapon)
Armour
 c - a +0 leather armour (worn)
 d - a +1 helmet (worn)
Jewellery
 h - an amulet of magic regeneration
Scrolls
 b - 2 scrolls of immolation
 e - 3 scrolls of identify
 i - a scroll of enchant armour
Potions
 f - a potion of ambrosia {unknown}
 g - a potion of haste {unknown}
 j - a potion of might {unknown}
 k - a potion of heal wounds {unknown}


   Skills:
 - Level 1.5 Fighting
 + Level 6.8 Ranged Weapons
 - Level 2.4 Dodging
 - Level 1.2 Stealth


You had 2 spell levels left.
You didn't know any spells.
Your spell library contained the following spells:

 Spells                   Type           Power      Damage    Failure   Level
 Call Canine Familiar     Summ           0%         N/A       77%         3
 Portal Projectile        Hex/Tloc       0%         N/A       77%         3
 Tukima's Dance           Hex            0%         N/A       77%         3
 Vhi's Electric Charge    Tloc/Air       0%         N/A       77%         3
 Leda's Liquefaction      Hex/Erth       0%         N/A       99%         4
 Passage of Golubria      Tloc           0%         N/A       99%         4
 Arcjolt                  Conj/Air       0%         1d10      100%        5
 Yara's Violent Unravell  Hex/Tmut       0%         3d3       100%        5
 Maxwell's Capacitive Co  Air            0%         ∞         100%        8


Dungeon Overview and Level Annotations

Branches:
Dungeon (3/15)

Altars:
Vehumet


Message History

You shoot an arrow.
The arrow hits the orc but does no damage.
You hear a shout!
An orc comes into view. It is wielding a +0 dagger.
The orc closely misses you.
You climb upwards.
There is a stone staircase leading down here.
You shoot an arrow. The arrow hits the orc.
The orc hits you with a +2 heavy hand axe.
You shoot an arrow. The arrow hits the orc.
You shoot an arrow. The arrow hits the orc.
You kill the orc!
No target in view!
No target in view!
Things that are here:
a +2 heavy hand axe; a +0 ring mail; an orc corpse
There is a stone staircase leading down here.
You climb downwards.
The endoplasm barely misses you.
The orc priest looks satisfied for a moment.
The endoplasm closely misses you. The orc misses you.
There is a stone staircase leading up here.
The orc priest mumbles some strange prayers to Beogh against you.
Beogh smites you!
Ouch! That really hurt!
* * * LOW HITPOINT WARNING * * *
The orc misses you. The endoplasm hits you.
* * * LOW HITPOINT WARNING * * *
You climb upwards.
There is a stone staircase leading down here.
You shoot an arrow.
The arrow hits the orc but does no damage.
The orc hits you but does no damage. The endoplasm freezes you.
You are frozen.
* * * LOW HITPOINT WARNING * * *
You shoot an arrow. The arrow hits the orc!
You kill the orc!
The endoplasm freezes you.
You are frozen.
You die...

####......###......#
#......... ..........#
##..#### #.........
#####.....####..# ########..
#.....##....###############..
#......<.....................
###...#.....###############..
#######..#..###.........##
#.. ...........##
##J######..### #..
...###..#### #@## ##...# #..
_..###..# #[)# ###.# #..
...##...## ##.# #.# ###
.........# #.# #.###
#........# #.# #...###
.........# #.#### ###>..#
########## #....# ###.#
#....#########.#
#..............##


You could see an endoplasm.

Vanquished Creatures
  A dart slug (D:2)
  3 orcs
  3 bats
  3 endoplasms
  2 giant cockroaches (D:1)
  3 goblins
  A hobgoblin (D:1)
  4 jackals
  3 ball pythons
  2 frilled lizards
  3 kobolds (D:1)
  4 rats (D:1)
32 creatures vanquished.

Notes
Turn   | Place    | Note
-------+----------+-------------------------------------------
     0 | D:1      | theswoord the Deep Elf Hunter began the quest for the Orb.
     0 | D:1      | Reached XP level 1. HP: 12/12 MP: 3/3
   186 | D:1      | Reached XP level 2. HP: 16/16 MP: 4/4
   187 | D:1      | Reached skill level 6 in Ranged Weapons
   637 | D:1      | Found a faded altar of an unknown god.
   800 | D:2      | Found a radiant altar of Vehumet.
   963 | D:2      | Reached XP level 3. HP: 20/20 MP: 5/5
  1276 | D:3      | Noticed a scorpion
  1280 | D:2      | Frozen to death by an endoplasm

Skill      XL: |  1  2 |
---------------+-------+-----
Ranged Weapons | 6 |  6.8
Fighting       | |  1.5
Dodging        | |  2.4
Stealth        | |  1.2

Action                     || total
---------------------------++-------
   Fire: Shortbow          ||    77
    Use: Scroll            ||     4
 Armour: Leather armour    ||    10
  Dodge: Dodged            ||    27

Levels and vault maps discovered:
D:1:      beargit_arrival_greenhouse, layout_loops_cross,
          ebering_ecumenical_altar_ruins
D:2:      layout_rooms, basic_altar
D:3:      layout_loops_ring, gammafunk_ghost_abyssal_escape
